TOP OF THE 1ST |
Northville Eclipse batting - Pitching for Minnesota Loons : LHP Luis Domínguez
|
Pitching: LHP Luis Domínguez
|
|
Batting: RHB Alfonso Grappasonni
|
0-0: Ground out 6-3 (Groundball, 6M)
|
Batting: RHB Sidney Mackell
|
0-0: Fly out, F8 (Flyball, 78D)
|
Batting: LHB Gilberto Ocasio
|
0-0: Called Strike 0-1: Ball 1-1: Ball 2-1: Swinging Strike 2-2: Foul Ball, location: 2F 2-2: Ball 3-2: Foul Ball, location: 2F 3-2: Fly out, F8 (Flyball, 8LM)
|
Top of the 1st over - 0 runs, 0 hits, 0 errors, 0 left on base; Northville 0 - Minnesota 0 |
BOTTOM OF THE 1ST |
Minnesota Loons batting - Pitching for Northville Eclipse : RHP Jesús Fernández
|
Pitching: RHP Jesús Fernández
|
|
Batting: RHB Héctor Espiga
|
0-0: Ball 1-0: Ground out 6-3 (Groundball, 6)
|
Batting: RHB Curt Allen
|
0-0: Called Strike 0-1: Ball 1-1: Ball 2-1: Ground out 4-3 (Groundball, 4)
|
Batting: LHB Xuan-ling Chen
|
0-0: Swinging Strike 0-1: Ball 1-1: Ground out 3-1 (Groundball, 34)
|
Bottom of the 1st over - 0 runs, 0 hits, 0 errors, 0 left on base; Northville 0 - Minnesota 0 |
TOP OF THE 2ND |
Northville Eclipse batting - Pitching for Minnesota Loons : LHP Luis Domínguez
|
Batting: RHB Xi-ku See-to
|
0-0: Called Strike 0-1: Foul Ball, location: 2F 0-2: Foul Ball, location: 2F 0-2: DOUBLE (Flyball, 8RXD)
|
Batting: LHB Lonnie Murray
|
0-0: Called Strike 0-1: Ball 1-1: Ground out 4-3 (Groundball, 4M) Xi-ku See-to to third
|
Batting: RHB Chang-lit Min
|
0-0: Called Strike 0-1: Ball 1-1: Ball 2-1: Fly out, F8 (Flyball, 8LM) Runner from 3rd tags up, SCORES, throw made
|
Batting: RHB Bill Wilson
|
0-0: Ball 1-0: Ball 2-0: Called Strike 2-1: Ball 3-1: Fly out, F7 (Flyball, 7LS)
|
Top of the 2nd over - 1 run, 1 hit, 0 errors, 0 left on base; Northville 1 - Minnesota 0 |
BOTTOM OF THE 2ND |
Minnesota Loons batting - Pitching for Northville Eclipse : RHP Jesús Fernández
|
Batting: RHB Gilberto Rodríguez
|
0-0: Called Strike 0-1: Ball 1-1: Called Strike 1-2: Foul Ball, location: 2F 1-2: Ball 2-2: Fly out, F8 (Flyball, 8LS)
|
Batting: RHB Júlio Vargas
|
0-0: Called Strike 0-1: Called Strike 0-2: Ball 1-2: Fly out, F8 (Flyball, 8RXD)
|
Batting: RHB Cody Jaeckel
|
0-0: Ball 1-0: Called Strike 1-1: Ball 2-1: Ground out 6-3 (Groundball, 6)
|
Bottom of the 2nd over - 0 runs, 0 hits, 0 errors, 0 left on base; Northville 1 - Minnesota 0 |
TOP OF THE 3RD |
Northville Eclipse batting - Pitching for Minnesota Loons : LHP Luis Domínguez
|
Batting: RHB Tabor de Maria
|
0-0: Ball 1-0: Foul Ball, location: 2F 1-1: Ball 2-1: Foul Ball, location: 2F 2-2: Ball 3-2: Fly out, F9 (Flyball, 9D)
|
Batting: RHB Kauna Aleferede
|
0-0: Ball 1-0: Swinging Strike 1-1: Ball 2-1: Foul Ball, location: 2F 2-2: SINGLE (Groundball, 5S) (infield hit)
|
Batting: RHB Alfonso Grappasonni
|
0-0: Ball 1-0: Foul Ball, location: 2F 1-1: Ball 2-1: Fly out, F7 (Flyball, 7S)
|
Batting: RHB Sidney Mackell
|
0-0: Called Strike Kauna Aleferede steals 2nd base 0-1: SINGLE (Groundball, 4MD) Kauna Aleferede to third Runner from 3rd tries for Home, SAFE, no throw
|
Batting: LHB Gilberto Ocasio
|
0-0: Ball 1-0: Ball 2-0: Foul Ball, location: 2F 2-1: Fly out, F8 (Flyball, 8RM)
|
Top of the 3rd over - 1 run, 2 hits, 0 errors, 1 left on base; Northville 2 - Minnesota 0 |
BOTTOM OF THE 3RD |
Minnesota Loons batting - Pitching for Northville Eclipse : RHP Jesús Fernández
|
Batting: RHB Jimmy Fick
|
0-0: Swinging Strike 0-1: Hit by Pitch
|
Batting: RHB Dave Sosa
|
0-0: Foul Ball, location: 2F 0-1: Ball 1-1: Ball 2-1: Fly out, F8 (Flyball, 8RD)
|
Batting: SHB Raúl Mateo
|
0-0: Ball 1-0: Ball 2-0: Called Strike 2-1: Ball Jimmy Fick steals 2nd base 3-1: Called Strike 3-2: Ground out 4-3 (Groundball, 4) Jimmy Fick to third
|
Batting: RHB Héctor Espiga
|
0-0: Ball 1-0: DOUBLE (Line Drive, 78D) Jimmy Fick scores
|
Batting: RHB Curt Allen
|
0-0: Called Strike 0-1: Ball 1-1: Ball 2-1: Ball 3-1: Called Strike 3-2: Base on Balls
|
Batting: LHB Xuan-ling Chen
|
0-0: Ball 1-0: Ball Wild Pitch! Héctor Espiga to third Curt Allen to second 2-0: Foul Ball, location: 2F 2-1: Ball 3-1: Called Strike 3-2: Fly out, F8 (Line Drive, 78M)
|
Bottom of the 3rd over - 1 run, 1 hit, 0 errors, 2 left on base; Northville 2 - Minnesota 1 |
TOP OF THE 4TH |
Northville Eclipse batting - Pitching for Minnesota Loons : LHP Luis Domínguez
|
Batting: RHB Xi-ku See-to
|
0-0: Foul Ball, location: 2F 0-1: Foul Ball, location: 2F 0-2: Foul Ball, location: 2F 0-2: Ball 1-2: Ball 2-2: Ball 3-2: Foul Ball, location: 2F 3-2: Strikes out swinging
|
Batting: LHB Lonnie Murray
|
0-0: Ground out 6-3 (Groundball, 6)
|
Batting: RHB Chang-lit Min
|
0-0: Called Strike 0-1: Ground out 4-3 (Groundball, 34)
|
Top of the 4th over - 0 runs, 0 hits, 0 errors, 0 left on base; Northville 2 - Minnesota 1 |
BOTTOM OF THE 4TH |
Minnesota Loons batting - Pitching for Northville Eclipse : RHP Jesús Fernández
|
Batting: RHB Gilberto Rodríguez
|
0-0: Swinging Strike 0-1: Swinging Strike 0-2: Ball 1-2: Strikes out looking
|
Batting: RHB Júlio Vargas
|
0-0: Fly out, F7 (Flyball, 78S)
|
Batting: RHB Cody Jaeckel
|
0-0: Ball 1-0: Ball 2-0: Called Strike 2-1: Foul Ball, location: 2F 2-2: Foul Ball, location: 2F 2-2: Foul Ball, location: 2F 2-2: Fly out, F7 (Flyball, 7S)
|
Bottom of the 4th over - 0 runs, 0 hits, 0 errors, 0 left on base; Northville 2 - Minnesota 1 |
TOP OF THE 5TH |
Northville Eclipse batting - Pitching for Minnesota Loons : LHP Luis Domínguez
|
Batting: RHB Bill Wilson
|
0-0: Ground out 5-3 (Groundball, 56S)
|
Batting: RHB Tabor de Maria
|
0-0: Ball 1-0: Swinging Strike 1-1: Ball 2-1: Foul Ball, location: 2F 2-2: Strikes out swinging
|
Batting: RHB Kauna Aleferede
|
0-0: Called Strike 0-1: Swinging Strike 0-2: Ball 1-2: Ball 2-2: Ball 3-2: Base on Balls
|
Batting: RHB Alfonso Grappasonni
|
0-0: Ball 1-0: Called Strike 1-1: DOUBLE (Line Drive, 89D) Kauna Aleferede to third Runner from 3rd tries for Home, SAFE, no throw
|
Batting: RHB Sidney Mackell
|
0-0: SINGLE (Groundball, 56D) Alfonso Grappasonni to third Runner from 3rd tries for Home, SAFE, no throw
|
Batting: LHB Gilberto Ocasio
|
0-0: Ball Sidney Mackell is caught stealing 2nd base
|
Top of the 5th over - 2 runs, 2 hits, 0 errors, 0 left on base; Northville 4 - Minnesota 1 |
BOTTOM OF THE 5TH |
Minnesota Loons batting - Pitching for Northville Eclipse : RHP Jesús Fernández
|
Batting: RHB Jimmy Fick
|
0-0: Ball 1-0: Ball 2-0: Ball 3-0: Base on Balls
|
Batting: RHB Dave Sosa
|
0-0: Called Strike 0-1: Called Strike 0-2: Fielders Choice at 2nd, 1-6 (Groundball, P)
|
Batting: SHB Raúl Mateo
|
0-0: Called Strike 0-1: Ball 1-1: Called Strike Dave Sosa is caught stealing 2nd base 1-2: Strikes out swinging
|
Bottom of the 5th over - 0 runs, 0 hits, 0 errors, 0 left on base; Northville 4 - Minnesota 1 |
TOP OF THE 6TH |
Northville Eclipse batting - Pitching for Minnesota Loons : LHP Luis Domínguez
|
Batting: LHB Gilberto Ocasio
|
0-0: Ball 1-0: SINGLE (Line Drive, 4D)
|
Batting: RHB Xi-ku See-to
|
0-0: Ball 1-0: Ball 2-0: Called Strike 2-1: Fly out, F4 (Popup, 4MD)
|
Batting: LHB Lonnie Murray
|
0-0: Ball 1-0: Ball 2-0: Grounds into double play, 4-6-3 (Groundball, 4)
|
Top of the 6th over - 0 runs, 1 hit, 0 errors, 0 left on base; Northville 4 - Minnesota 1 |
BOTTOM OF THE 6TH |
Minnesota Loons batting - Pitching for Northville Eclipse : RHP Jesús Fernández
|
Batting: RHB Héctor Espiga
|
0-0: SINGLE (Line Drive, 56)
|
Batting: RHB Curt Allen
|
0-0: Ball 1-0: Bunt - Flyout! F3
|
Batting: LHB Xuan-ling Chen
|
0-0: Ball 1-0: Called Strike Throwing error on steal attempt, E2 Héctor Espiga to third 1-1: Foul Ball, location: 2F 1-2: Ball 2-2: Fly out, F6 (Line Drive, 6MD)
|
Batting: RHB Gilberto Rodríguez
|
0-0: Foul Ball, location: 2F 0-1: Ball 1-1: Swinging Strike 1-2: Strikes out swinging
|
Bottom of the 6th over - 0 runs, 1 hit, 1 error, 1 left on base; Northville 4 - Minnesota 1 |
TOP OF THE 7TH |
Northville Eclipse batting - Pitching for Minnesota Loons : LHP Luis Domínguez
|
Batting: RHB Chang-lit Min
|
0-0: Called Strike 0-1: Ball 1-1: Ball 2-1: Fly out, F8 (Flyball, 89D)
|
Batting: RHB Bill Wilson
|
0-0: Ball 1-0: Ball 2-0: Ball 3-0: Called Strike 3-1: Base on Balls
|
Batting: RHB Tabor de Maria
|
0-0: Called Strike 0-1: Ball 1-1: Ball 2-1: Foul Ball, location: 2F 2-2: SINGLE (Line Drive, 9S) Bill Wilson to second
|
Batting: RHB Kauna Aleferede
|
0-0: Foul Ball, location: 2F 0-1: Grounds into double play, 5-4-3 (Groundball, 5)
|
Top of the 7th over - 0 runs, 1 hit, 0 errors, 1 left on base; Northville 4 - Minnesota 1 |
BOTTOM OF THE 7TH |
Minnesota Loons batting - Pitching for Northville Eclipse : RHP Jesús Fernández
|
Batting: RHB Júlio Vargas
|
0-0: Swinging Strike 0-1: Ball 1-1: Foul Ball, location: 2F 1-2: Ball 2-2: Strikes out looking
|
Batting: RHB Cody Jaeckel
|
0-0: Ball 1-0: SINGLE (Groundball, 5S) (infield hit)
|
Batting: RHB Jimmy Fick
|
0-0: Called Strike 0-1: Ball 1-1: Ball 2-1: Grounds into double play, 4-6-3 (Groundball, 4)
|
Bottom of the 7th over - 0 runs, 1 hit, 0 errors, 0 left on base; Northville 4 - Minnesota 1 |
TOP OF THE 8TH |
Northville Eclipse batting - Pitching for Minnesota Loons : LHP Luis Domínguez
|
Pitching: RHP Víctor Torres
|
|
Batting: RHB Alfonso Grappasonni
|
0-0: Ball 1-0: Called Strike 1-1: Ball 2-1: Fly out, F1 (Line Drive, 15)
|
Batting: RHB Sidney Mackell
|
0-0: Called Strike 0-1: Swinging Strike 0-2: Ball 1-2: Foul Ball, location: 2F 1-2: Ground out 1-3 (Groundball, 13S)
|
Batting: LHB Gilberto Ocasio
|
0-0: Foul Ball, location: 2F 0-1: Ball 1-1: Swinging Strike 1-2: Ball 2-2: Foul Ball, location: 2F 2-2: Fly out, F4 (Flyball, 34D)
|
Top of the 8th over - 0 runs, 0 hits, 0 errors, 0 left on base; Northville 4 - Minnesota 1 |
BOTTOM OF THE 8TH |
Minnesota Loons batting - Pitching for Northville Eclipse : RHP Jesús Fernández
|
Batting: RHB Dave Sosa
|
0-0: Called Strike 0-1: Ball 1-1: Foul Ball, location: 2F 1-2: Ball 2-2: SINGLE (Line Drive, 89S)
|
Batting: SHB Raúl Mateo
|
0-0: Ball 1-0: DOUBLE (Line Drive, 9LS) Dave Sosa to third
|
Batting: RHB Héctor Espiga
|
0-0: Foul Ball, location: 2F 0-1: Swinging Strike 0-2: Strikes out looking
|
Batting: RHB Curt Allen
|
0-0: Ball 1-0: Called Strike 1-1: Ball 2-1: Foul Ball, location: 2F 2-2: Foul Ball, location: 2F 2-2: SINGLE (Groundball, 56D) Dave Sosa scores Raúl Mateo to third
|
Batting: LHB Xuan-ling Chen
|
0-0: Ball 1-0: Called Strike 1-1: Ball 2-1: Fly out, F4 (Line Drive, 34)
|
Batting: RHB Gilberto Rodríguez
|
0-0: Foul Ball, location: 2F 0-1: Foul Ball, location: 2F 0-2: Ball Wild Pitch! Raúl Mateo scores Curt Allen to second 1-2: Foul Ball, location: 2F 1-2: Strikes out looking
|
Bottom of the 8th over - 2 runs, 3 hits, 0 errors, 1 left on base; Northville 4 - Minnesota 3 |
TOP OF THE 9TH |
Northville Eclipse batting - Pitching for Minnesota Loons : RHP Víctor Torres
|
Batting: RHB Xi-ku See-to
|
0-0: Ball 1-0: Called Strike 1-1: SINGLE (Groundball, 56D)
|
Batting: LHB Lonnie Murray
|
0-0: Fly out, F2 (Popup, 5SF)
|
Pinch Hitting: LHB Marvello Obra
|
0-0: Ball 1-0: Fly out, F9 (Line Drive, 9LD)
|
Batting: RHB Bill Wilson
|
0-0: Ball 1-0: SINGLE (Line Drive, 6MD) Xi-ku See-to to second Runner from 2nd tries for 3rd, SAFE, throw made to third
|
Batting: RHB Tabor de Maria
|
0-0: Swinging Strike 0-1: Ball 1-1: Ball 2-1: Ball 3-1: Called Strike 3-2: Foul Ball, location: 2F 3-2: Base on Balls Bill Wilson to second
|
Batting: RHB Kauna Aleferede
|
0-0: Foul Ball, location: 2F 0-1: Foul Ball, location: 2F 0-2: Strikes out swinging
|
Top of the 9th over - 0 runs, 2 hits, 0 errors, 3 left on base; Northville 4 - Minnesota 3 |
BOTTOM OF THE 9TH |
Minnesota Loons batting - Pitching for Northville Eclipse : RHP Jesús Fernández
|
Pitching: RHP Maxx Bleecher
|
|
Now at SS: Tucker Kinney
|
|
Now in RF: Willard Thexton
|
|
Batting: RHB Júlio Vargas
|
0-0: Fly out, F7 (Flyball, 7)
|
Batting: RHB Cody Jaeckel
|
0-0: Called Strike 0-1: Swinging Strike 0-2: SINGLE (Line Drive, 7LS)
|
Batting: RHB Jimmy Fick
|
0-0: Foul Ball, location: 2F 0-1: Ball 1-1: Foul Ball, location: 2F 1-2: Ball 2-2: Ball 3-2: Foul Ball, location: 2F 3-2: Fly out, F8 (Flyball, 8RM)
|
Pinch Hitting: LHB Marcel Escoda
|
0-0: Ground out U3 (Groundball, 3)
|
Bottom of the 9th over - 0 runs, 1 hit, 0 errors, 1 left on base; Northville 4 - Minnesota 3 |
|